 Dungeon Crawl Stone Soup version 0.30.0-11-gf55b779eaf (webtiles) character file.

Game seed: 5908038157051060509

87 Jackthecabe the Sneak (level 4, 0/23 HPs)
             Began as a Vine Stalker Brigand on May 16, 2023.
             Succumbed to a water moccasin's poison
             ... on level 3 of the Dungeon.
             The game lasted 00:04:21 (2186 turns).

Jackthecabe the Sneak (Vine Stalker Brigand)        Turns: 2186, Time: 00:04:22

Health: 0/23       AC:  4    Str: 14    XL:     4   Next: 51%
Magic:  6/14       EV: 11    Int: 13    God:
Gold:   138        SH:  0    Dex: 17    Spells: 3/3 levels left

rFire   . . .        p - +6 dagger "Joev" {venom, Int+2}
rCold   . . .        (no shield)
rNeg    . . .        j - +0 leather armour
rPois   .            (no helmet)
rElec   .            c - +0 cloak
rCorr   .            (no gloves)
SInv    .            (no boots)
Will    .....        (no amulet)
Stlth   +++          M - ring of magical power
HPRegen 1.03/turn    (no ring)
MPRegen 0.14/turn

%: guardian spirit
@: lethally poisoned (0 -> -3)
A: fangs 2, regeneration 1, magic shield, antimagic bite, no potion heal 2,
teleportitis 1, wild magic 1
a: no special abilities


You were on level 3 of the Dungeon.
You visited 1 branch of the dungeon, and saw 3 of its levels.

You collected 138 gold pieces.


Innate Abilities, Weirdness & Mutations

You have extremely sharp teeth.
Your natural rate of healing is unusually fast.
When hurt, damage is shared between your health and your magic reserves.
Your bite disrupts and absorbs the magic of your enemies.
Potions cannot restore your health.
You are occasionally teleported next to monsters.
Your spells are a little harder to cast, but a little more powerful.


   Skills:
 - Level 1.7 Fighting
 + Level 4.2 Short Blades
 - Level 1.7 Throwing
 - Level 0.7 Dodging
 - Level 4.8 Stealth


You had 3 spell levels left.
You didn't know any spells.
Your spell library contained the following spells:

 Spells                   Type           Power      Damage    Failure   Level
 Summon Forest            Summ/Tloc      0%         N/A       100%        5
 Summon Mana Viper        Hex/Summ       0%         N/A       100%        5
 Summon Cactus Giant      Summ           0%         N/A       100%        6

Inventory:

Hand Weapons
 a - a +2 dagger
 h - a +2 short sword of protection
 n - a +2 vampiric rapier
 p - the +6 dagger "Joev" (weapon) {venom, Int+2}
   (You found it on level 2 of the Dungeon)

   Int:       It affects your intelligence (+2).
Missiles
 d - 13 poisoned darts (quivered)
 e - 3 curare-tipped darts {=f}
Armour
 b - a +0 robe
 c - a +0 cloak (worn)
 j - a +0 leather armour (worn)
Jewellery
 M - a ring of magical power (left hand)
Scrolls
 g - 4 scrolls of identify {unknown}
 i - a scroll of enchant armour {unknown}
 k - 2 scrolls of teleportation {unknown}
 m - 2 scrolls of vulnerability {unknown}
 o - 2 scrolls of immolation {unknown}
Potions
 f - a potion of heal wounds {@q2}

Dungeon Overview and Level Annotations

Branches:
Dungeon (3/15)

Altars:

Shops:
D:1 !   D:2 (=(

Annotations:
D:2 1 runed translucent door, Crazy Yiuf
D:3 3 runed translucent doors, Strat's ghost, weakling DsGl

###########
#..†.......
#.....#####
#...........
#..<........
#.....▒▒▒+++
#.....▒ ....
#.>@..▒S....
#..S..▒W....
#.$...▒r....
#...).▒J....
#..#.#$)▒..$[.
##......▒.....
##...$.▒ ▒▒▒▒
#..#... ...
#....... ..


You could see a water moccasin (poisoned), Strat's ghost, an endoplasm and a
rat.


Message History

The water moccasin bites you.
You are poisoned.
The water moccasin poisons you! The water moccasin bites you.
You closely miss the water moccasin. Your bite misses the water moccasin.
The water moccasin is severely wounded.
You feel sick. The water moccasin bites you.
* * * LOW HITPOINT WARNING * * *
You are lethally poisoned!
The water moccasin poisons you!
You closely miss the water moccasin. Your bite misses the water moccasin.
The water moccasin is severely wounded.
* * * LOW HITPOINT WARNING * * *
You feel very sick.
The water moccasin bites you but does no damage.
Unknown command.
* * * LOW HITPOINT WARNING * * *
You feel very sick.
It was a potion of heal wounds.
That seemed strangely inert.
* * * LOW HITPOINT WARNING * * *
You feel very sick. The water moccasin closely misses you.
The water moccasin barely misses you.
Okay, then.
It was a potion of mutation.
You feel extremely strange.
You feel weirdly uncertain.
You feel less in control of your magic.
* * * LOW HITPOINT WARNING * * *
You feel sick. The water moccasin closely misses you.
Unknown command.
You miss the water moccasin. Your bite misses the water moccasin.
The water moccasin is almost dead.
You die...

Skill      XL: |  1  2  3  4 |
---------------+-------------+-----
Short Blades   | 2 3 4 |  4.2
Fighting       | |  1.7
Throwing       | |  1.7
Dodging        | |  0.7
Stealth        | |  4.8

Action                     |  1- 3 |  4- 6 || total
---------------------------+-------+-------++-------
  Melee: Short sword       |    28 |       ||    28
         Bite              |     8 |     6 ||    14
         Dagger            |     1 |     9 ||    10
         Rapier            |    30 |    34 ||    64
         Punch             |       |     1 ||     1
  Throw: Dart              |     3 |       ||     3
    Use: Potion            |     1 |     2 ||     3
   Stab: Sleeping          |     7 |     1 ||     8
         Distracted        |     1 |       ||     1
 Armour: Leather armour    |    11 |    12 ||    23
         Skin              |     4 |       ||     4
  Dodge: Dodged            |    22 |    26 ||    48

Levels and vault maps discovered:
D:1:      minmay_arrival_four_circles, layout_basic, serial_shops, shop
D:2:      minmay_evil_eye, layout_loops_ring, serial_shops, shop,
          nicolae_square_shop, shop, uniq_crazy_yiuf_cottage
D:3:      layout_rooms, lightli_temple_of_fire, gammafunk_ghost_split,
          uniq_grinder

Notes
Turn   | Place    | Note
-------+----------+-------------------------------------------
     0 | D:1      | Jackthecabe the Vine Stalker Brigand began the quest for
                  | the Orb.
     0 | D:1      | Reached XP level 1. HP: 11/11 MP: 2/2
    35 | D:1      | Reached skill level 2 in Short Blades
   167 | D:1      | Found Roiwuril's Distillery.
   217 | D:1      | Reached XP level 2. HP: 15/15 MP: 3/3
   807 | D:2      | Found Zeheqamu's Weapon Shop.
   966 | D:2      | Found Jeom's Weapon Emporium.
  1018 | D:2      | Reached skill level 3 in Short Blades
  1018 | D:2      | Reached XP level 3. HP: 18/18 MP: 4/4
  1180 | D:2      | Found Usimech's Jewellery Emporium.
  1574 | D:2      | Found a runed translucent door.
  1575 | D:2      | Noticed Crazy Yiuf
  1619 | D:2      | Identified the +6 dagger "Joev" {venom, Int+2}
  1735 | D:2      | Gained mutation: Your natural rate of healing is unusually
                  | fast. [Vine Stalker growth]
  1735 | D:2      | Reached XP level 4. HP: 23/23 MP: 5/5
  1875 | D:2      | Reached skill level 4 in Short Blades
  2158 | D:3      | Found a runed translucent gate.
  2158 | D:3      | Found a runed translucent gate.
  2162 | D:3      | Noticed Strat's ghost (weakling DsGl)
  2168 | D:3      | Found a runed translucent gate.
  2169 | D:3      | Noticed a water moccasin
  2184 | D:3      | HP: 2/23 [poisoned by a water moccasin]
  2185 | D:3      | Gained mutation: You are occasionally teleported next to
                  | monsters. [potion of mutation]
  2185 | D:3      | Gained mutation: Your spells are a little harder to cast,
                  | but a little more powerful. [potion of mutation]
  2186 | D:3      | Succumbed to a water moccasin's poison

Vanquished Creatures
  5 adders (D:2)
  5 endoplasms
  3 goblins
  9 hobgoblins
  3 kobolds
  3 ball pythons
  5 bats
  3 frilled lizards
  4 rats
40 creatures vanquished.

Table legend: (Time is in decaauts)
 A = Elapsed time spent in this place.
 B = Non-inter-level travel time spent in this place.
 C = Inter-level travel time spent in this place.
 D = Time resting spent in this place.
 E = Time spent auto-exploring this place.
 F = Levels seen in this place.
 G = Mean time per level.
                   A        B        C        D        E       F      G
               +--------+--------+--------+--------+--------+-----+--------+
         Total |   2178 |   2117 |     61 |    207 |   1501 |   3 |  726.0 |
       Dungeon |   2178 |   2117 |     61 |    207 |   1501 |   3 |  726.0 |
               +--------+--------+--------+--------+--------+-----+--------+

Top non-repeatable levels by time:
     D:2: 1419 daAuts
     D:1: 734 daAuts
     D:3: 25 daAuts

Table legend:
 A = Non-vault XP
 B = Vault XP
 C = Vault XP percentage of total XP
 D = Non-vault monster count
 E = Vault monster count
 F = Vault count percentage of total count
                 A         B        C        D         E       F
            +---------+---------+-------+---------+---------+-------
      Total |     116 |       9 |   7.2 |      35 |       5 |  12.5
            +---------+---------+-------+---------+---------+-------
        D:1 |      19 |       0 |   0.0 |      12 |       0 |   0.0
        D:2 |      92 |       9 |   8.9 |      20 |       5 |  20.0
        D:3 |       5 |       0 |   0.0 |       3 |       0 |   0.0
            +---------+---------+-------+---------+---------+-------
